 Dungeon Crawl Stone Soup version 0.32-a0-30-gefbe487952 (webtiles) character file.

Game seed: 16602111077981150982

34581 porpoise the Marksminotaur (level 13, -3/106 HPs)
             Began as a Minotaur Hunter on Jan 20, 2024.
             Was an Elder of Hepliaklqana.
             Slain by a komodo dragon (17 damage)
             ... on level 5 of the Lair of Beasts.
             The game lasted 00:46:31 (14883 turns).

porpoise the Marksminotaur (Minotaur Hunter)       Turns: 14883, Time: 00:46:32

Health: -3/106     AC: 14    Str: 16    XL:     13   Next: 43%
Magic:  16/16      EV: 19    Int:  6    God:    Hepliaklqana [****..]
Gold:   911        SH:  0    Dex: 25    Spells: 12/12 levels left

rFire   . . .        a - +0 orcbow (heavy)
rCold   . . .        (shield currently unavailable)
rNeg    . . .        K - +0 acid dragon scales
rPois   .            Q - +0 hat
rElec   .            L - +1 cloak
rCorr   +            (no gloves)
SInv    .            (no boots)
Will    .....        (no amulet)
Stlth   +++          r - +6 ring of dexterity
HPRegen 0.37/turn    f - +4 ring of protection
MPRegen 0.15/turn

%: no passive effects
@: no status effects
A: reduced essence, horns 2, retaliatory headbutt
a: Renounce Religion, Recall Ancestor, Ancestor Identity, Transference, Idealise


You were on level 5 of the Lair of Beasts.
You worshipped Hepliaklqana.
Hepliaklqana was greatly pleased with you.
You visited 3 branches of the dungeon, and saw 15 of its levels.
You also visited: Gauntlet.

You collected 951 gold pieces.
You spent 40 gold pieces at shops.

Inventory:

Hand Weapons
 a - a +0 heavy orcbow (weapon)
 b - a +2 dagger of venom
 h - a +1 antimagic sling
 w - a +2 longbow of flaming
Missiles
 o - 3 poisoned darts
Armour
 K - +0 acid dragon scales (worn)
 L - a +1 cloak (worn)
 Q - a +0 hat (worn)
Jewellery
 c - a ring of positive energy
 d - a ring of protection from cold
 f - a +4 ring of protection (right hand)
 k - a ring of resist corrosion
 n - a +5 ring of evasion
 r - a +6 ring of dexterity (left hand)
 B - a ring of fire
Wands
 m - a wand of charming (4)
 s - a wand of mindburst (12)
 F - a wand of flame (11)
 G - a wand of quicksilver (20)
 U - a wand of digging (2)
 V - a wand of iceblast (11)
Scrolls
 e - 3 scrolls of identify
 g - a scroll of silence
 i - 3 scrolls of vulnerability
 q - 5 scrolls of teleportation
 t - a scroll of revelation
 v - a scroll of immolation
 y - a scroll of butterflies
 D - 2 scrolls of fog
Potions
 j - 3 potions of might
 l - 3 potions of curing
 p - 2 potions of heal wounds
 u - a potion of haste
 x - a potion of mutation
 A - 3 potions of cancellation
 C - 2 potions of resistance
 N - 2 potions of attraction
 P - a potion of ambrosia
 T - a potion of lignification


   Skills:
 + Level 12.2 Fighting
 + Level 17.0 Ranged Weapons
 - Level 9.0 Armour
 - Level 9.0 Dodging
 - Level 5.0 Stealth
 + Level 5.3 Invocations
 + Level 5.3 Evocations


You had 12 spell levels left.
You didn't know any spells.
Your spell library contained the following spells:

 Spells                   Type           Power      Damage    Failure   Level
 Apportation              Tloc           0%         N/A       54%         1
 Freeze                   Ice            0%         1d3       54%         1
 Magic Dart               Conj           0%         1d3       54%         1
 Shock                    Conj/Air       0%         1d3       54%         1
 Summon Small Mammal      Summ           0%         N/A       54%         1
 Cigotuvi's Dreadful Rot  Necr/Alch/Air  0%         N/A       67%         2
 Jinxbite                 Hex            0%         N/A       67%         2
 Searing Ray              Conj           0%         2d4       67%         2
 Sublimation of Blood     Necr           0%         N/A       67%         2
 Call Canine Familiar     Summ           0%         N/A       88%         3
 Frozen Ramparts          Ice            0%         1d1       88%         3
 Hailstorm                Conj/Ice       0%         3d5       88%         3
 Swiftness                Air            0%         N/A       88%         3
 Airstrike                Air            0%         2d(0-16)  99%         4
 Fulminant Prism          Conj/Alch      0%         3d5       99%         4
 Ignite Poison            Fire/Alch      0%         N/A       99%         4
 Petrify                  Alch/Erth      0%         N/A       99%         4
 Summon Blazeheart Golem  Fire/Summ      0%         N/A       99%         4
 Alistair's Intoxication  Alch           0%         N/A       100%        5
 Freezing Cloud           Conj/Ice/Air   0%         6-21      100%        5
 Irradiate                Conj/Alch      0%         3d11      100%        5


Dungeon Overview and Level Annotations

Branches:
Dungeon (9/15)             Temple (1/1) D:5            Lair (5/5) D:9
 Shoals (0/4) Lair:3        Snake (0/4) Lair:3          Orc (0/2) D:9
Gauntlet (visited)
  Slime: Lair:4-5

Altars:
Ashenzari
Cheibriados
Dithmenos
Elyvilon
Fedhas
Gozag
Hepliaklqana
Kikubaaqudgha
Makhleb
Nemelex Xobeh
Okawaru
Qazlal
Ru
Sif Muna
Trog
Uskayaw
Vehumet
Wu Jian
Xom
Yredelemnul
Zin
The Shining One

Shops:
D:5 [   D:7 ?

Annotations:
D:6 dig
D:9 exclusion: ice statue


Innate Abilities, Weirdness & Mutations

Your life essence is reduced to manifest your ancestor. (-10% HP)
You have a pair of horns on your head.
You reflexively headbutt those who attack you in melee.


Message History

Nikki blocks something's attack.
The dream sheep headbutts you.
You wake up.
Nikki blocks something's attack.
The dream sheep barely misses you. You furiously retaliate!
You headbutt the dream sheep.
The dream sheep attacks as it pursues you!
The dream sheep barely misses you. You furiously retaliate!
You headbutt the dream sheep!
There is a stone staircase leading up, spattered with blood here.
You shoot an arrow.
The arrow closely misses the dream sheep.
The arrow hits the dream sheep!
The dream sheep is heavily wounded.
The dream sheep closely misses you. The dream sheep headbutts you!
The dream sheep misses you. You furiously retaliate!
You headbutt the dream sheep!
You kill the dream sheep!
You climb upwards.
There is a stone staircase leading down, spattered with blood here.
You shoot an arrow. The arrow hits the dream sheep!!
You kill the dream sheep!
No target in view!
No target in view!
You start resting.
Magic restored.
You start resting.
HP restored.
You climb downwards.
The jelly misses you. The komodo dragon bites you!!
The dream sheep shakes its wool and sparkles.
You feel drowsy...
You fall asleep.
The jelly hits you but does no damage.
Nikki hits the dream sheep with a +0 flail!
The komodo dragon bites you!!!!
You wake up.
Ouch! That really hurt!
* * * LOW HITPOINT WARNING * * *
The dream sheep headbutts you but does no damage.
The jelly hits you but does no damage.
You hear an angry hiss.
There is a stone staircase leading up, spattered with blood here.
The komodo dragon bites you!
You die...

## ###.######## ####
#
###.P.P.l.##.##...#..
......Y@J..J........
....PPPR............
######P..#.#...###.
#....##...#.##...
#.....##......†...
........#....RlJ...
.PP....##......#....
..###....#.#..P.# ...
P# #...#...##### ..


You could see the friendly Nikki the knight, a komodo dragon, a dream sheep
(ally target) and 2 jellies.

Vanquished Creatures
  Gastronok (D:9)
  Nessos (Lair:3)
  A hydra (Lair:4)
  A two-headed ogre (D:8)
  9 death yaks (Lair:4)
  A skyshark (Lair:2)
  Pikel (D:4)
  6 elephants
  2 black mambas
  8 komodo dragons
  8 cane toads
  A rime drake (Lair:4)
  5 blink frogs (Lair:3)
  2 dream sheep
  A human (D:7)
  4 wyverns
  18 yaks
  4 hogs (D:7)
  2 steam dragons
  Eustachio (D:4)
  2 basilisks
  Menkaure (D:7)
  A naga (Lair:3)
  11 water moccasins
  3 orc warriors (D:9)
  2 sky beasts
  A black bear (D:6)
  2 ice beasts (D:8)
  An ogre (D:5)
  5 wolves (Lair:2)
  A centaur (D:8)
  3 kobold brigands
  15 bullfrogs
  Blork the orc (D:4)
  2 scorpions
  8 wights
  A killer bee (D:8)
  2 jellies
  9 orc priests
  4 hounds
  2 iguanas
  Jessica (D:2)
  6 orc wizards
  4 hell rats (Lair:1)
  Robin (D:3)
  10 gnolls
  9 adders
  A shadow imp (D:4)
  A white imp (D:8)
  2 ufetubi (D:6)
  2 ribbon worms
  27 orcs
  3 ball pythons
  4 bats
  12 endoplasms
  A giant cockroach (D:2)
  9 hobgoblins
  4 jackals (D:3)
  21 kobolds
  2 quokkas
  2 frilled lizards
  19 goblins
  4 rats
299 creatures vanquished.

Vanquished Creatures (collateral kills)
  A catoblepas (Lair:3)
  2 death yaks (Lair:4)
  3 elephants (Lair:4)
  3 cane toads
  Maggie (D:8)
  Psyche (D:8)
  A dream sheep (Lair:5)
  A wind drake (Lair:3)
  7 yaks
  A basilisk (Lair:2)
  2 nagas (Lair:3)
  A water moccasin (Lair:1)
  2 orc warriors
  A bullfrog (Lair:1)
  A gnoll sergeant (D:9)
  2 wights
  An electric eel (Lair:3)
  A howler monkey (D:8)
  4 orc wizards
  2 hell rats (Lair:1)
  A gnoll (D:9)
  3 orcs (D:8)
  A kobold (D:9)
43 creatures vanquished.

Vanquished Creatures (others)
  A manticore (Lair:3)
  Grinder (D:5)
  A bullfrog (Lair:3)
  A gnoll sergeant (D:5)
  7 knights
  2 ancestors
  3 gnolls (D:5)
16 creatures vanquished.

Grand Total: 358 creatures vanquished

Notes
Turn   | Place    | Note
-------+----------+-------------------------------------------
     0 | D:1      | porpoise the Minotaur Hunter began the quest for the Orb.
     0 | D:1      | Reached XP level 1. HP: 18/18 MP: 0/0
   144 | D:1      | Reached XP level 2. HP: 25/25 MP: 1/1
   156 | D:1      | Reached skill level 1 in Armour
   580 | D:2      | Found a broken altar of Ashenzari.
   808 | D:2      | Reached XP level 3. HP: 30/30 MP: 2/2
   831 | D:2      | Noticed Jessica
   834 | D:2      | Killed Jessica
   835 | D:2      | Reached skill level 5 in Ranged Weapons
   947 | D:2      | Reached XP level 4. HP: 38/38 MP: 3/3
  1442 | D:3      | Reached XP level 5. HP: 45/45 MP: 4/4
  1592 | D:3      | Noticed Robin
  1605 | D:3      | Killed Robin
  1617 | D:3      | Reached skill level 6 in Ranged Weapons
  2151 | D:3      | Found a glowing silver altar of Zin.
  2603 | D:4      | Identified the +3 long sword of Sloth {protect, rC+ Will-
                  | Int+3 Dex+2}
  2682 | D:4      | Reached XP level 6. HP: 52/52 MP: 5/5
  2802 | D:4      | Noticed Blork the orc
  2815 | D:4      | Killed Blork the orc
  3003 | D:4      | Reached skill level 7 in Ranged Weapons
  3146 | D:5      | Entered Level 5 of the Dungeon
  3194 | D:5      | Noticed Pikel
  3273 | D:5      | Noticed Grinder
  3281 | D:5      | Paralysed by Grinder for 2 turns
  3467 | D:4      | HP: 2/55 [Pikel/+0 whip of freezing (4)]
  3468 | D:4      | Killed Pikel
  3469 | D:4      | Reached skill level 8 in Ranged Weapons
  3469 | D:4      | Reached XP level 7. HP: 1/63 MP: 6/6
  3848 | D:5      | Noticed Eustachio
  3884 | D:4      | Killed Eustachio
  3885 | D:4      | Reached skill level 9 in Ranged Weapons
  3885 | D:4      | Reached XP level 8. HP: 56/71 MP: 7/7
  4381 | D:5      | Found Wepeir's Antique Armour Shop.
  4496 | D:5      | Killed Grinder
  4550 | D:5      | Found a staircase to the Ecumenical Temple.
  4571 | Temple   | Entered the Ecumenical Temple
  4590 | Temple   | Became a worshipper of Hepliaklqana the Forgotten
  4690 | D:6      | Reached skill level 10 in Ranged Weapons
  5479 | D:7      | Found Heavaati's Magic Scroll Boutique.
  5495 | D:7      | Bought a scroll of identify for 20 gold pieces
  5495 | D:7      | Bought a scroll of identify for 20 gold pieces
  5528 | D:7      | Reached skill level 11 in Ranged Weapons
  5559 | D:7      | Reached XP level 9. HP: 38/79 MP: 8/8
  5772 | D:7      | Reached * piety under Hepliaklqana
  6089 | D:7      | Reached skill level 12 in Ranged Weapons
  6152 | D:7      | Noticed Menkaure
  6157 | D:7      | Killed Menkaure
  6527 | D:8      | Reached skill level 5 in Armour
  7008 | D:8      | Reached skill level 13 in Ranged Weapons
  7153 | D:8      | Noticed Maggie
  7163 | D:8      | Killed Maggie
  7164 | D:8      | Reached XP level 10. HP: 37/81 MP: 9/9
  7326 | D:8      | Noticed a two-headed ogre
  7333 | D:8      | Killed a two-headed ogre
  7528 | D:8      | Noticed Psyche
  7533 | D:8      | Killed Psyche
  7534 | D:8      | Reached skill level 14 in Ranged Weapons
  7898 | D:9      | Reached ** piety under Hepliaklqana
  7899 | D:9      | Remembered your ancestor Nikki as a knight
  8085 | D:9      | Noticed an ice statue
  8160 | D:9      | Reached skill level 1 in Invocations
  8388 | D:9      | Noticed Gastronok
  8403 | D:9      | Killed Gastronok
  8404 | D:9      | Reached skill level 15 in Ranged Weapons
  8522 | D:9      | Found a staircase to the Orcish Mines.
  8665 | D:9      | Reached XP level 11. HP: 87/87 MP: 12/12
  8765 | D:9      | Found a staircase to the Lair.
  9035 | Lair:1   | Entered Level 1 of the Lair of Beasts
  9072 | Lair:1   | You fall into a shaft and drop 1 floor!
  9247 | Lair:1   | Reached skill level 5 in Dodging
  9367 | Lair:1   | Found a gate leading to a gauntlet.
  9382 | Gauntlet | Entered a Gauntlet
  9382 | Gauntlet | Found a transporter.
  9382 | Gauntlet | Found a transporter.
  9382 | Gauntlet | Found a transporter.
  9446 | Gauntlet | Found a transporter.
  9450 | Gauntlet | Found a transporter.
  9464 | Gauntlet | Found a transporter.
  9466 | Gauntlet | Found a transporter.
  9471 | Gauntlet | Noticed a balrug
  9474 | Gauntlet | Found a transporter.
  9493 | Gauntlet | Noticed an entropy weaver
  9498 | Gauntlet | Found a transporter.
  9512 | Gauntlet | Found a transporter.
  9516 | Gauntlet | Found a transporter.
  9524 | Gauntlet | Noticed a catoblepas
  9526 | Gauntlet | Found a transporter.
  9573 | Gauntlet | Noticed a large abomination
  9578 | Gauntlet | Noticed a large abomination
  9823 | Lair:1   | Reached skill level 16 in Ranged Weapons
  9846 | Lair:1   | Identified the +6 trident of Fixice {drain, rF+ Str+2}
  9915 | Lair:1   | Reached skill level 5 in Invocations
 10007 | Lair:1   | Reached *** piety under Hepliaklqana
 10508 | Lair:2   | Reached skill level 1 in Evocations
 10533 | Lair:2   | Reached skill level 10 in Fighting
 10629 | Lair:2   | Noticed a skyshark
 10635 | Lair:2   | Reached skill level 1 in Stealth
 10647 | Lair:2   | Killed a skyshark
 10648 | Lair:2   | Reached XP level 12. HP: 71/95 MP: 14/14
 11584 | Lair:3   | Found a staircase to the Shoals.
 11625 | Lair:3   | Noticed Nessos
 11859 | Lair:3   | Killed Nessos
 12089 | Lair:3   | Reached skill level 5 in Evocations
 12660 | Lair:3   | Noticed a catoblepas
 12667 | Lair:3   | Killed a catoblepas
 12745 | Lair:3   | Found a staircase to the Snake Pit.
 13100 | Lair:4   | Reached skill level 5 in Stealth
 13106 | Lair:4   | Noticed a four-headed hydra
 13112 | Lair:4   | Killed a four-headed hydra
 13188 | Lair:4   | Noticed a death yak
 13189 | Lair:4   | Noticed a death yak
 13195 | Lair:4   | Noticed a death yak
 13199 | Lair:4   | Killed a death yak
 13211 | Lair:4   | Killed a death yak
 13221 | Lair:4   | Killed a death yak
 13541 | Lair:4   | Noticed a death yak
 13546 | Lair:4   | Killed a death yak
 13547 | Lair:4   | Reached XP level 13. HP: 106/106 MP: 15/15
 13548 | Lair:4   | Reached **** piety under Hepliaklqana
 14396 | Lair:5   | Entered Level 5 of the Lair of Beasts
 14535 | Lair:4   | Reached skill level 17 in Ranged Weapons
 14883 | Lair:5   | Slain by a komodo dragon

Illustrated notes

Levels and vault maps discovered:
D:1:      psy_arrival_heroes, layout_rooms, bh_walls_and_bars
D:2:      minmay_inner_zag, layout_basic, basic_altar, uniq_jessica
D:3:      layout_loops_cross, lemuel_round_altar, serial_rivers,
          chequers_serial_rivers_room_b, chequers_serial_rivers_small_3,
          chequers_serial_rivers_small_a, chequers_serial_rivers_micro_c,
          uniq_robin
D:4:      layout_basic, minmay_gold_behind_fungi,
          hangedman_abyss_or_decor_slice, uniq_blork_the_orc
D:5:      layout_rooms, lemuel_temple_firewalk_b, serial_shops,
          kennysheep_little_box, uniq_pikel, uniq_grinder, uniq_eustachio
D:6:      layout_loops_ring, due_unseen_surprise
D:7:      layout_rooms, serial_shops, shop, grunt_livestock, uniq_menkaure
D:8:      minmay_bubble_buster, layout_basic, uniq_maggie, uniq_psyche
D:9:      minmay_statue_hallways, layout_basic, david_lair_shrubbed,
          david_orc_3, chequers_decorated_corner, st_stairs_5, uniq_gastronok
Temple:   compressed_dpeg_triangle_lava_temple
Lair:1:   layout_roguey, gauntlet_entry_generic
Lair:2:   layout_layer_cave, grunt_megastairs_2
Lair:3:   layout_long_grid, minmay_shoals_entry_beasts,
          nicolae_snake_entry_squirm, serial_bayou_shore_a, uniq_nessos
Lair:4:   layout_loops_ring, grunt_megastairs_3
Lair:5:   grunt_lair_end_beastmaster, layout_regular_city,
          minmay_slime_entry_jelly_boxes

Skill      XL: |  1  2  3  4  5  6  7  8  9 10 11 12 13 |
---------------+----------------------------------------+-----
Armour         | 1 2 3 6 7 8 9 |  9.0
Fighting       | 3 4 6 8 9 10 12 | 12.2
Ranged Weapons | 5 6 8 9 11 13 15 16 17 | 17.0
Invocations    | 2 5 |  5.3
Dodging        | 4 7 8 9 |  9.0
Evocations     | 2 5 |  5.3
Stealth        | 1 5 |  5.0

Action                     |  1- 3 |  4- 6 |  7- 9 | 10-12 | 13-15 || total
---------------------------+-------+-------+-------+-------+-------++-------
  Melee: Dagger            |       |       |     4 |       |       ||     4
         Orcbow            |       |       |     2 |     2 |       ||     4
         Headbutt          |       |       |     1 |       |       ||     1
   Fire: Shortbow          |    79 |   246 |    80 |       |       ||   405
         Orcbow            |       |       |   272 |   596 |    86 ||   954
 Invoke: Ancestor Identity |       |       |     1 |       |       ||     1
         Recall Ancestor   |       |       |       |     3 |       ||     3
         Ancestor Life: Kn |       |       |       |     1 |       ||     1
  Evoke: Wand              |       |       |     3 |     5 |       ||     8
    Use: Scroll            |       |     4 |     8 |    16 |       ||    28
         Potion            |       |       |       |     2 |       ||     2
 Armour: Ring mail         |     6 |    96 |   134 |       |       ||   236
         Acid dragon scale |       |       |       |   122 |    32 ||   154
  Dodge: Dodged            |    13 |    98 |   201 |   173 |    22 ||   507

Table legend: (Time is in decaauts)
 A = Elapsed time spent in this place.
 B = Non-inter-level travel time spent in this place.
 C = Inter-level travel time spent in this place.
 D = Time resting spent in this place.
 E = Time spent auto-exploring this place.
 F = Levels seen in this place.
 G = Mean time per level.
                   A        B        C        D        E       F      G
               +--------+--------+--------+--------+--------+-----+--------+
         Total |  14944 |  14522 |    422 |   4450 |   7417 |  16 |  934.0 |
       Dungeon |   9053 |   8791 |    262 |   2370 |   4846 |   9 | 1005.9 |
        Temple |     31 |     18 |     13 |      0 |      0 |   1 |   31.0 |
          Lair |   5616 |   5469 |    147 |   2032 |   2428 |   5 | 1123.2 |
      Gauntlet |    242 |    242 |      0 |     48 |    142 |   1 |  242.0 |
               +--------+--------+--------+--------+--------+-----+--------+

Top non-repeatable levels by time:
  Lair:4: 1692 daAuts
  Lair:2: 1668 daAuts
     D:9: 1271 daAuts
     D:4: 1248 daAuts
     D:8: 1208 daAuts
     D:3: 1153 daAuts
  Lair:3: 1145 daAuts
     D:7: 1064 daAuts
  Lair:1: 966 daAuts
     D:2: 953 daAuts
     D:6: 829 daAuts
     D:5: 824 daAuts
     D:1: 500 daAuts
Gauntlet: 242 daAuts
  Lair:5: 143 daAuts
